| TOP OF THE 1ST |
|
Indianapolis Indians batting - Pitching for Albuquerque Isotopes : RHP Austin Akers
|
|
Pitching: RHP Austin Akers
|
|
|
Batting: LHB Alberto Figueroa
|
0-0: Ground out 1-4-3 (Groundball, 15S, EV 108.1 MPH)
|
|
Batting: RHB Bubba Tierney
|
0-0: Ball 1-0: Called Strike 1-1: Swinging Strike 1-2: Ball 2-2: Ball 3-2: Fly out, F9 (Line Drive, 9, EV 95.6 MPH)
|
|
Batting: LHB Edwin Aguilar
|
0-0: Foul Ball, location: 2F 0-1: Ball 1-1: Foul Ball, location: 2F 1-2: Foul Ball, location: 2F 1-2: Strikes out swinging
|
| Top of the 1st over - 0 runs, 0 hits, 0 errors, 0 left on base; Indianapolis 0 - Albuquerque 0 |
| BOTTOM OF THE 1ST |
|
Albuquerque Isotopes batting - Pitching for Indianapolis Indians : RHP Antonio Alvarez
|
|
Pitching: RHP Antonio Alvarez
|
|
|
Batting: SHB Jamel Wright
|
0-0: Ball 1-0: Ball 2-0: Ball 3-0: Called Strike 3-1: Called Strike 3-2: Base on Balls
|
|
Batting: RHB Sadataka Kuwahara
|
0-0: Ball Jamel Wright steals 2nd base 1-0: Ball Jamel Wright steals 3rd base 2-0: Ball 3-0: Base on Balls
|
|
Batting: SHB Justin Hensley
|
0-0: Called Strike 0-1: Ball 1-1: Ball 2-1: Fly out, F9 (Flyball, 9LM, EV 92.5 MPH)
|
|
Batting: RHB Chris King
|
0-0: Ball 1-0: Called Strike 1-1: Ball 2-1: Ball 3-1: Foul Ball, location: 2F 3-2: Fly out, F7 (Line Drive, 7, EV 95.6 MPH) Runner from 3rd tags up, SCORES, throw by LF
|
|
Batting: LHB Gabe Harvey
|
0-0: Ball 1-0: Ball 2-0: Ground out 4-3 (Groundball, 34D, EV 86.2 MPH)
|
| Bottom of the 1st over - 1 run, 0 hits, 0 errors, 1 left on base; Indianapolis 0 - Albuquerque 1 |
| TOP OF THE 2ND |
|
Indianapolis Indians batting - Pitching for Albuquerque Isotopes : RHP Austin Akers
|
|
Batting: RHB Alain Marquet
|
0-0: Ground out 5-3 (Groundball, 56, EV 98.8 MPH)
|
|
Batting: LHB Phil DeCamp
|
0-0: Foul Ball, location: 2F 0-1: Ball 1-1: Called Strike 1-2: SINGLE (Line Drive, 9LS, EV 101.9 MPH)
|
|
Batting: RHB Chris Pozzi
|
0-0: Ball 1-0: Foul Ball, location: 2F 1-1: Swinging Strike 1-2: Strikes out swinging
|
|
Batting: RHB Richard Barrios
|
0-0: Ball 1-0: Foul Ball, location: 2F 1-1: Swinging Strike 1-2: Ball 2-2: Ball Phil DeCamp steals 2nd base 3-2: Foul Ball, location: 2F 3-2: Base on Balls
|
|
Batting: LHB Gregg Kellerman
|
0-0: Ball 1-0: DOUBLE (Line Drive, 9LS, EV 99.4 MPH) Phil DeCamp scores Richard Barrios to third Runner from 3rd tries for Home, SAFE, no throw by RF
|
|
Batting: RHB Nick Wicker
|
0-0: Ball 1-0: Foul Ball, location: 2F 1-1: Fly out, F9 (Line Drive, 89M, EV 103.1 MPH)
|
| Top of the 2nd over - 2 runs, 2 hits, 0 errors, 1 left on base; Indianapolis 2 - Albuquerque 1 |
| BOTTOM OF THE 2ND |
|
Albuquerque Isotopes batting - Pitching for Indianapolis Indians : RHP Antonio Alvarez
|
|
Batting: RHB Logan Morgan
|
0-0: Ball 1-0: Ball 2-0: Swinging Strike 2-1: Foul Ball, location: 2F 2-2: Ground out 5-3 (Groundball, 56S, EV 86.9 MPH)
|
|
Batting: RHB Herb McIntyre
|
0-0: TRIPLE (Flyball, 89XD, EV 101.9 MPH)
|
|
Batting: RHB Jerry Sanchez
|
0-0: Ball 1-0: Called Strike 1-1: Ground out 6-3 (Groundball, 56, EV 100.6 MPH) Herb McIntyre scores
|
|
Batting: RHB Vinny Estrada
|
0-0: Ground out 6-3 (Groundball, 6D, EV 86.2 MPH)
|
| Bottom of the 2nd over - 1 run, 1 hit, 0 errors, 0 left on base; Indianapolis 2 - Albuquerque 2 |
| TOP OF THE 3RD |
|
Indianapolis Indians batting - Pitching for Albuquerque Isotopes : RHP Austin Akers
|
|
Batting: LHB Alberto Figueroa
|
0-0: Ball 1-0: Called Strike 1-1: Swinging Strike 1-2: Ball 2-2: Foul Ball, location: 2F 2-2: Strikes out swinging
|
|
Batting: RHB Bubba Tierney
|
0-0: Ground out 5-3 (Groundball, 56, EV 93.1 MPH)
|
|
Batting: LHB Edwin Aguilar
|
0-0: Ground out 5-3 (Groundball, 56, EV 83.8 MPH)
|
| Top of the 3rd over - 0 runs, 0 hits, 0 errors, 0 left on base; Indianapolis 2 - Albuquerque 2 |
| BOTTOM OF THE 3RD |
|
Albuquerque Isotopes batting - Pitching for Indianapolis Indians : RHP Antonio Alvarez
|
|
Batting: SHB Jamel Wright
|
0-0: Swinging Strike 0-1: Foul Ball, location: 2F 0-2: Foul Ball, location: 2F 0-2: Ball 1-2: Strikes out swinging
|
|
Batting: RHB Sadataka Kuwahara
|
0-0: Called Strike 0-1: Ball 1-1: Ball 2-1: Ball 3-1: Fly out, F7 (Flyball, 78M, EV 89.4 MPH)
|
|
Batting: SHB Justin Hensley
|
0-0: Ball 1-0: SOLO HOME RUN (Flyball, 9D, EV 99.4 MPH), Distance : 403 ft
|
|
Batting: RHB Chris King
|
0-0: SINGLE (Groundball, 4MD, EV 95.0 MPH)
|
|
Batting: LHB Gabe Harvey
|
0-0: Fly out, F6 (Popup, 56, EV 60.0 MPH)
|
| Bottom of the 3rd over - 1 run, 2 hits, 0 errors, 1 left on base; Indianapolis 2 - Albuquerque 3 |
| TOP OF THE 4TH |
|
Indianapolis Indians batting - Pitching for Albuquerque Isotopes : RHP Austin Akers
|
|
Batting: RHB Alain Marquet
|
0-0: Fly out, F8 (Line Drive, 8LM, EV 91.9 MPH)
|
|
Batting: LHB Phil DeCamp
|
0-0: Ball 1-0: Called Strike 1-1: Fly out, F9 (Flyball, 9, EV 89.4 MPH)
|
|
Batting: RHB Chris Pozzi
|
0-0: Called Strike 0-1: Foul Ball, location: 2F 0-2: Ball 1-2: Ball 2-2: Ground out 4-3 (Groundball, 4, EV 102.5 MPH)
|
| Top of the 4th over - 0 runs, 0 hits, 0 errors, 0 left on base; Indianapolis 2 - Albuquerque 3 |
| BOTTOM OF THE 4TH |
|
Albuquerque Isotopes batting - Pitching for Indianapolis Indians : RHP Antonio Alvarez
|
|
Batting: RHB Logan Morgan
|
0-0: Called Strike 0-1: Foul Ball, location: 2F 0-2: Ball 1-2: Strikes out swinging
|
|
Batting: RHB Herb McIntyre
|
0-0: Called Strike 0-1: Foul Ball, location: 2F 0-2: Strikes out looking
|
|
Batting: RHB Jerry Sanchez
|
0-0: Ball 1-0: Foul Ball, location: 2F 1-1: Foul Ball, location: 2F 1-2: Ball 2-2: Foul Ball, location: 2F 2-2: DOUBLE (Line Drive, 89D, EV 108.8 MPH)
|
|
Batting: RHB Vinny Estrada
|
0-0: Ball 1-0: Called Strike 1-1: Ball 2-1: Called Strike 2-2: Strikes out swinging
|
| Bottom of the 4th over - 0 runs, 1 hit, 0 errors, 1 left on base; Indianapolis 2 - Albuquerque 3 |
| TOP OF THE 5TH |
|
Indianapolis Indians batting - Pitching for Albuquerque Isotopes : RHP Austin Akers
|
|
Batting: RHB Richard Barrios
|
0-0: Called Strike 0-1: Ball 1-1: Ball 2-1: Swinging Strike 2-2: SINGLE (Groundball, 6MD, EV 107.5 MPH)
|
|
Batting: LHB Gregg Kellerman
|
0-0: Ball 1-0: Ball 2-0: SINGLE (Groundball, 4D, EV 95.0 MPH) Richard Barrios to second
|
|
Batting: RHB Nick Wicker
|
0-0: Foul Ball, location: 2F 0-1: Called Strike 0-2: Ball 1-2: SINGLE (Groundball, 6MD, EV 100.6 MPH) Richard Barrios to third Gregg Kellerman to second Runner from 3rd tries for Home, throw by CF and OUT! 8-2
|
|
Batting: LHB Alberto Figueroa
|
0-0: Called Strike 0-1: Called Strike 0-2: Ball 1-2: Ball 2-2: SINGLE (Groundball, 6MS, EV 68.8 MPH) (infield hit) Gregg Kellerman to third Nick Wicker to second
|
|
Batting: RHB Bubba Tierney
|
0-0: Called Strike 0-1: SINGLE (Groundball, 25, EV 69.4 MPH) (infield hit) Gregg Kellerman scores Nick Wicker to third Alberto Figueroa to second
|
|
Batting: LHB Edwin Aguilar
|
0-0: Fly out, F8 (Flyball, 8LXD, EV 104.4 MPH) Runner from 3rd tags up, SCORES, no throw by CF Alberto Figueroa to third
|
|
Batting: RHB Alain Marquet
|
0-0: Called Strike 0-1: Ball 1-1: Called Strike 1-2: Strikes out swinging
|
| Top of the 5th over - 2 runs, 5 hits, 0 errors, 2 left on base; Indianapolis 4 - Albuquerque 3 |
| BOTTOM OF THE 5TH |
|
Albuquerque Isotopes batting - Pitching for Indianapolis Indians : RHP Antonio Alvarez
|
|
Batting: SHB Jamel Wright
|
0-0: Called Strike 0-1: Foul Ball, location: 2F 0-2: Strikes out swinging
|
|
Batting: RHB Sadataka Kuwahara
|
0-0: Fly out, F9 (Flyball, 9S, EV 85.0 MPH)
|
|
Batting: SHB Justin Hensley
|
0-0: Ground out U3 (Groundball, 3, EV 78.8 MPH)
|
| Bottom of the 5th over - 0 runs, 0 hits, 0 errors, 0 left on base; Indianapolis 4 - Albuquerque 3 |
| TOP OF THE 6TH |
|
Indianapolis Indians batting - Pitching for Albuquerque Isotopes : RHP Austin Akers
|
|
Batting: LHB Phil DeCamp
|
0-0: SINGLE (Groundball, 34D, EV 106.2 MPH)
|
|
Batting: RHB Chris Pozzi
|
0-0: Ball 1-0: Called Strike 1-1: Ball 2-1: Fly out, F8 (Flyball, 78M, EV 91.2 MPH)
|
|
Batting: RHB Richard Barrios
|
0-0: Ball 1-0: Called Strike 1-1: Ball 2-1: Fielders Choice at 2nd, 6-4 (Groundball, 6, EV 78.8 MPH)
|
|
Batting: LHB Gregg Kellerman
|
0-0: Foul Ball, location: 2F 0-1: Ball 1-1: Ball Wild Pitch! Richard Barrios to second 2-1: Fly out, F9 (Flyball, 9S, EV 92.5 MPH)
|
| Top of the 6th over - 0 runs, 1 hit, 0 errors, 1 left on base; Indianapolis 4 - Albuquerque 3 |
| BOTTOM OF THE 6TH |
|
Albuquerque Isotopes batting - Pitching for Indianapolis Indians : RHP Antonio Alvarez
|
|
Batting: RHB Chris King
|
0-0: Foul Ball, location: 2F 0-1: Fly out, F8 (Flyball, 8RD, EV 104.4 MPH)
|
|
Batting: LHB Gabe Harvey
|
0-0: Called Strike 0-1: Ball 1-1: Ball 2-1: Ball 3-1: Base on Balls
|
|
Batting: RHB Logan Morgan
|
0-0: Called Strike 0-1: Swinging Strike 0-2: Ball 1-2: Foul Ball, location: 2F 1-2: Strikes out looking
|
|
Batting: RHB Herb McIntyre
|
0-0: Swinging Strike 0-1: Ball 1-1: Foul Ball, location: 2F 1-2: Ball Wild Pitch! Gabe Harvey to second 2-2: Fly out, F9 (Flyball, 9, EV 90.6 MPH)
|
| Bottom of the 6th over - 0 runs, 0 hits, 0 errors, 1 left on base; Indianapolis 4 - Albuquerque 3 |
| TOP OF THE 7TH |
|
Indianapolis Indians batting - Pitching for Albuquerque Isotopes : RHP Austin Akers
|
|
Batting: RHB Nick Wicker
|
0-0: Called Strike 0-1: Ball 1-1: Called Strike 1-2: Ball 2-2: SINGLE (Line Drive, 56, EV 95.0 MPH)
|
|
Batting: LHB Alberto Figueroa
|
0-0: Ball 1-0: Bunted foul 1-1: Sac Bunt to P - play at first, batter OUT! 1-3 Nick Wicker to second
|
|
Pitching: RHP Justin Judson
|
|
|
Batting: RHB Bubba Tierney
|
0-0: Swinging Strike 0-1: SINGLE (Flyball, 9LS, EV 95.0 MPH) Nick Wicker to third
|
|
Batting: LHB Edwin Aguilar
|
0-0: Foul Ball, location: 2F 0-1: Swinging Strike 0-2: Strikes out swinging
|
|
Batting: RHB Alain Marquet
|
0-0: Ball 1-0: SINGLE (Groundball, 6MD, EV 105.6 MPH) Nick Wicker scores Bubba Tierney to second Runner from 2nd tries for 3rd, SAFE, no throw by CF
|
|
Batting: LHB Phil DeCamp
|
0-0: Called Strike 0-1: Ball 1-1: SINGLE (Flyball, 7S, EV 95.6 MPH) Bubba Tierney scores Alain Marquet to second
|
|
Batting: RHB Chris Pozzi
|
0-0: Ball 1-0: Ball 2-0: SINGLE (Flyball, 3D, EV 92.5 MPH) Alain Marquet to third Phil DeCamp to second
|
|
Batting: RHB Richard Barrios
|
0-0: SINGLE (Line Drive, 78S, EV 93.1 MPH) Alain Marquet scores Phil DeCamp to third Chris Pozzi to second
|
|
Batting: LHB Gregg Kellerman
|
0-0: Ball 1-0: Ball 2-0: Ball 3-0: Base on Balls Phil DeCamp scores Chris Pozzi to third Richard Barrios to second
|
|
Pitching: LHP Matt Wojtkiewicz
|
|
|
Batting: RHB Nick Wicker
|
0-0: Ground out 4-3 (Groundball, 4, EV 102.5 MPH)
|
| Top of the 7th over - 4 runs, 6 hits, 0 errors, 3 left on base; Indianapolis 8 - Albuquerque 3 |
| BOTTOM OF THE 7TH |
|
Albuquerque Isotopes batting - Pitching for Indianapolis Indians : RHP Antonio Alvarez
|
|
Batting: RHB Jerry Sanchez
|
0-0: Ball 1-0: Called Strike 1-1: Ball 2-1: Foul Ball, location: 2F 2-2: Foul Ball, location: 2F 2-2: SINGLE (Groundball, 56S, EV 70.6 MPH) (infield hit)
|
|
Batting: RHB Vinny Estrada
|
0-0: Ball 1-0: Called Strike 1-1: Fly out, F8 (Flyball, 8LS, EV 71.2 MPH)
|
|
Batting: SHB Jamel Wright
|
0-0: Ball 1-0: Called Strike 1-1: Foul Ball, location: 2F 1-2: SINGLE (Groundball, 3D, EV 101.2 MPH) Jerry Sanchez to second Runner from 2nd tries for 3rd, SAFE, throw by RF made to third
|
|
Batting: RHB Sadataka Kuwahara
|
0-0: Ball Jamel Wright steals 2nd base 1-0: Ground out 4-3 (Groundball, 34, EV 80.6 MPH) Jerry Sanchez scores Jamel Wright to third
|
|
Batting: SHB Justin Hensley
|
0-0: Ball 1-0: Called Strike 1-1: Called Strike 1-2: Ground out 4-3 (Groundball, 4, EV 105.0 MPH)
|
| Bottom of the 7th over - 1 run, 2 hits, 0 errors, 1 left on base; Indianapolis 8 - Albuquerque 4 |
| TOP OF THE 8TH |
|
Indianapolis Indians batting - Pitching for Albuquerque Isotopes : LHP Matt Wojtkiewicz
|
|
Batting: LHB Alberto Figueroa
|
0-0: Called Strike 0-1: Fly out, F4 (Popup, 4MD, EV 45.0 MPH)
|
|
Batting: RHB Bubba Tierney
|
0-0: Called Strike 0-1: Ball 1-1: Foul Ball, location: 2F 1-2: Foul Ball, location: 2F 1-2: Fly out, F7 (Flyball, 7, EV 90.6 MPH)
|
|
Batting: LHB Edwin Aguilar
|
0-0: Swinging Strike 0-1: Foul Ball, location: 2F 0-2: Strikes out looking
|
| Top of the 8th over - 0 runs, 0 hits, 0 errors, 0 left on base; Indianapolis 8 - Albuquerque 4 |
| BOTTOM OF THE 8TH |
|
Albuquerque Isotopes batting - Pitching for Indianapolis Indians : RHP Antonio Alvarez
|
|
Batting: RHB Chris King
|
0-0: Ground out 4-3 (Groundball, 4, EV 90.6 MPH)
|
|
Batting: LHB Gabe Harvey
|
0-0: Ball 1-0: SINGLE (Flyball, 89S, EV 85.0 MPH)
|
|
Batting: RHB Logan Morgan
|
0-0: Ball 1-0: Swinging Strike 1-1: Ball Passed Ball! Gabe Harvey to second 2-1: Called Strike 2-2: Strikes out swinging
|
|
Pitching: RHP Hugo Rodriguez
|
|
|
Batting: RHB Herb McIntyre
|
0-0: Swinging Strike 0-1: Ball 1-1: Swinging Strike 1-2: Strikes out swinging
|
| Bottom of the 8th over - 0 runs, 1 hit, 0 errors, 1 left on base; Indianapolis 8 - Albuquerque 4 |
| TOP OF THE 9TH |
|
Indianapolis Indians batting - Pitching for Albuquerque Isotopes : LHP Matt Wojtkiewicz
|
|
Batting: RHB Alain Marquet
|
0-0: Ball 1-0: Fly out, F8 (Flyball, 8RD, EV 92.5 MPH)
|
|
Batting: LHB Phil DeCamp
|
0-0: Called Strike 0-1: Ball 1-1: Ball 2-1: Foul Ball, location: 2F 2-2: Strikes out swinging
|
|
Batting: RHB Chris Pozzi
|
0-0: Swinging Strike 0-1: Called Strike 0-2: Ball 1-2: Foul Ball, location: 2F 1-2: Fly out, F1 (Line Drive, P, EV 66.2 MPH)
|
| Top of the 9th over - 0 runs, 0 hits, 0 errors, 0 left on base; Indianapolis 8 - Albuquerque 4 |
| BOTTOM OF THE 9TH |
|
Albuquerque Isotopes batting - Pitching for Indianapolis Indians : RHP Hugo Rodriguez
|
|
Batting: RHB Jerry Sanchez
|
0-0: Ball 1-0: Ball 2-0: Called Strike 2-1: Fly out, F8 (Flyball, 8LM, EV 79.4 MPH)
|
|
Batting: RHB Vinny Estrada
|
0-0: SINGLE (Groundball, 6, EV 94.4 MPH)
|
|
Batting: SHB Jamel Wright
|
0-0: Ball 1-0: Ball 2-0: DOUBLE (Flyball, 8LXD, EV 106.2 MPH) Vinny Estrada to third
|
|
Pitching: RHP Robby Poyfair
|
|
|
Batting: RHB Sadataka Kuwahara
|
0-0: Ball 1-0: Ball 2-0: Called Strike 2-1: Foul Ball, location: 2F 2-2: Ground out 4-3 (Groundball, 34, EV 111.2 MPH) Vinny Estrada scores Jamel Wright to third
|
|
Batting: SHB Justin Hensley
|
0-0: Called Strike 0-1: Swinging Strike 0-2: Ball 1-2: Strikes out swinging
|
| Bottom of the 9th over - 1 run, 2 hits, 0 errors, 1 left on base; Indianapolis 8 - Albuquerque 5 |
|